 Dungeon Sprint DCSS version 0.26-a0-665-gefeb406119 (webtiles) character file.

Game seed: 10731868246695856435

42 rocky1 the Shield-Bearer (level 3, -5/29 HPs)
             Began as a Formicid Fighter on Oct 15, 2020.
             Slain by an ogre
             ... wielding a cursed -2 giant club
              (20 damage)
             ... in the Dungeon (Sprint IX: "|||||||||||||||||||||||||||||").
             The game lasted 00:00:35 (99 turns).

rocky1 the Shield-Bearer (Formicid Fighter)           Turns: 99, Time: 00:00:36

Health: -5/29      AC:  6    Str: 21    XL:     3   Next: 80%
Magic:  3/3        EV:  9    Int:  7    God:
Gold:   0          SH: 10    Dex: 10    Spells: 2/2 levels left

rFire    . . .     SeeInvis +   a - +0 long sword
rCold    . . .     Faith    .   c - +0 kite shield
rNeg     . . .     Spirit   .   b - +0 scale mail
rPois    .         Reflect  .   (helmet unavailable)
rElec    .         Harm     .   (no cloak)
rCorr    .         Rampage  .   (no gloves)
MR       .....                  (no boots)
Stlth    ..........             (no amulet)
HPRegen  0.09/turn              (no ring)
MPRegen  0.08/turn              (no ring)

@: mighty
A: permanent stasis, dig shafts and tunnels, four strong arms, antennae 3
a: Dig


You were in the Dungeon.
You visited 1 branch

Inventory:

Hand Weapons
 a - a +0 long sword (weapon)
Armour
 b - a +0 scale mail (worn)
 c - a +0 kite shield (worn)
Potions
 f - a potion of heal wounds
 g - 2 potions of magic


   Skills:
 - Level 3.2 Fighting
 + Level 5.1 Long Blades
 - Level 3.2 Armour
 + Level 6.7 Shields


You had 2 spell levels left.
You didn't know any spells.
Your spell library was empty.

Dungeon Overview and Level Annotations

Branches:
Dungeon (1/1)

Altars:


Innate Abilities, Weirdness & Mutations

You cannot be hasted, slowed, berserked, paralysed or teleported.
You can dig through walls and to a lower floor.
Your four strong arms can wield two-handed weapons with a shield.
You have a pair of large antennae on your head. (SInv)


Message History

The iguana barely misses you. You block the iguana's attack.
You feel better. You block the iguana's attack.
You feel very mighty all of a sudden.
The iguana bites you but does no damage.
You hit the iguana.
You kill the iguana!
Your Long Blades skill increases to level 5!
Your Shields skill increases to level 6!
You have reached level 3!
Your experience leads to an increase in your attributes!
Increase (S)trength, (I)ntelligence, or (D)exterity?
You feel stronger.
You hit the ogre.
The ogre is lightly wounded.
The ogre hits you with a cursed -2 giant club.
You slash the ogre!
The ogre is heavily wounded.
The ogre hits you with a cursed -2 giant club!!
Ouch! That really hurt!
You die...

▓.▓
▓.▓
▓.▓
▓)▓
▓.▓
▓)▓
▓.▓
▓.▓
▓@▓
▓O▓
▓Z▓
{
▓Z▓
{
▓.▓
{
▓.▓
▓.▓
▓+▓


You could see an ogre, a leopard gecko zombie and a leopard gecko skeleton.

Vanquished Creatures
  An iguana (D)
  An adder (D)
  A dart slug (D)
  A giant cockroach (D)
  A goblin (D)
  2 hobgoblins (D)
7 creatures vanquished.

Notes
Turn   | Place    | Note
-------+----------+-------------------------------------------
     0 | D        | rocky1 the Formicid Fighter began the quest for the Orb.
     0 | D        | Reached XP level 1. HP: 18/18 MP: 1/1
     4 | D        | Reached skill level 4 in Shields
    11 | D        | Reached XP level 2. HP: 19/24 MP: 2/2
    14 | D        | Reached skill level 5 in Shields
    80 | D        | Noticed an ogre
    97 | D        | Reached skill level 5 in Long Blades
    97 | D        | Reached skill level 6 in Shields
    97 | D        | Reached XP level 3. HP: 18/29 MP: 3/3
    99 | D        | Slain by an ogre

Illustrated notes

Levels and vault maps discovered:
D:        linesprint [early_d, line_temple, items_1, d_10, items_2, lair_1,
          lair_end, items_3, orc_1, orc_end, items_4, d_15, swamp_1, shoals_1,
          snake_1, spider_1, d_20, vaults_1, items_5, swamp_end, shoals_end,
          snake_end, spider_end, vaults_end, d_27, items_6, zot_1, zot_end,
          crypt_end, forest_end, elf_end, slime_end, tomb_end, abyss_end,
          pan_hell_end]

Skill      XL: |  1  2 |
---------------+-------+-----
Shields        | 4 6 |  6.7
Long Blades    | 3 5 |  5.1
Fighting       | |  3.2
Armour         | |  3.2

Action                   || total
-------------------------++-------
Melee: Long sword        ||    26
  Use: Potion            ||     2
Armor: Scale mail        ||     7
Dodge: Dodged            ||     2
Block: Kite shield       ||    14
       Rpst.: Long sword ||     1

Table legend: (Time is in decaauts)
 A = Elapsed time spent in this place.
 B = Non-inter-level travel time spent in this place.
 C = Inter-level travel time spent in this place.
 D = Time resting spent in this place.
 E = Time spent auto-exploring this place.
 F = Levels seen in this place.
 G = Mean time per level.
                   A        B        C        D        E       F      G
               +--------+--------+--------+--------+--------+-----+--------+
         Total |    105 |    105 |      0 |     61 |      0 |   1 |  105.0 |
       Dungeon |    105 |    105 |      0 |     61 |      0 |   1 |  105.0 |
               +--------+--------+--------+--------+--------+-----+--------+

Top non-repeatable levels by time:
       D: 105 daAuts
